 Dungeon Crawl Stone Soup version 0.20-a0-993-gba41c3c (webtiles) character file.

37 nikopol the Skirmisher (level 3, -1/34 HPs)
             Began as a Gargoyle Berserker on Apr 11, 2017.
             Was a Believer of Trog.
             Slain by a gnoll
             ... wielding a +0 flail
              (3 damage)
             ... on level 2 of the Dungeon.
             The game lasted 00:01:43 (967 turns).

nikopol the Skirmisher (Gargoyle Berserker)          Turns: 967, Time: 00:01:44

Health: -1/34      AC: 11    Str: 25    XL:     3   Next: 39%
Magic:  3/3        EV: 10    Int:  7    God:    Trog [**....]
Gold:   85         SH:  0    Dex: 10    Spells: 2/2 levels left

rFire    . . .     SeeInvis .   a - +0 hand axe
rCold    . . .     Gourm    .   (no shield)
rNeg     + . .     Faith    .   o - +0 scale mail
rPois    ∞         Spirit   .   (no helmet)
rElec    +         Reflect  .   e - +0 cloak {+Inv}
rCorr    .         Harm     .   (no gloves)
MR       .....                  (no boots)
Stlth    ..........             (no amulet)
Regen    0.2/turn               (no ring)
MPRegen  0.1/turn               (no ring)

@: berserking, very quick
A: negative energy resistance 1, electricity resistance, unbreathing,
petrification resistance, rot immunity, AC +3
a: Berserk, Trog's Hand, Burn Spellbooks, Renounce Religion, Evoke Invisibility


You were on level 2 of the Dungeon.
You worshipped Trog.
Trog was pleased with you.
You were very hungry.

You visited 1 branch of the dungeon, and saw 2 of its levels.

You collected 85 gold pieces.

Inventory:

Hand Weapons
 a - a +0 hand axe (weapon)
Armour
 b - a +0 animal skin
 e - a +0 cloak of invisibility (worn)
 f - a +0 ring mail
 o - a +0 scale mail (worn)
Scrolls
 g - 4 scrolls of identify {unknown}
 h - a scroll of teleportation {unknown}
 j - a scroll of noise {unknown}
 l - a scroll of enchant weapon {unknown}
Potions
 d - 3 potions of curing {unknown}
 n - a potion of agility {unknown}
Comestibles
 c - a bread ration
 i - 2 fruits
 k - 2 meat rations
 m - 2 chunks of flesh


   Skills:
 + Level 3.5 Fighting
 + Level 3.0 Axes
 + Level 3.0 Armour
 + Level 2.0 Dodging


You had 2 spell levels left.
You didn't know any spells.

Dungeon Overview and Level Annotations

Branches:
Dungeon (2/15)

Altars:


Innate Abilities, Weirdness & Mutations

You are resistant to torment.
Your stone body is resilient. (AC +3)
You are immune to poison.
You resist negative energy. (rN+)
You are resistant to electric shocks. (rElec)
You can survive without breathing.
You are immune to petrification.
You are immune to rotting.


Message History

You closely miss the gnoll.
The gnoll is heavily wounded.
Your scale mail prevents you from hitting the gnoll.
The gnoll hits you but does no damage. The gnoll closely misses you.
The gnoll hits you with a flail.
* * * LOW HITPOINT WARNING * * *
You slash the gnoll!
You kill the gnoll!
Trog accepts your kill.
You can now call upon Trog for regeneration and protection from hostile enchantments.
Your Axes skill increases to level 3!
Your Armour skill increases to level 3!
You barely miss the gnoll.
The gnoll hits you from afar with a spear.
* * * LOW HITPOINT WARNING * * *
The gnoll barely misses you.
Things that are here:
an enchanted flail; a gnoll corpse You barely miss the gnoll. x2; The gnoll hits you but does no damage. x2
The gnoll hits you with a flail.
You die...

..#####.# ##.## #
...(.(..# #.# (########
#.# ..# #.# ..##### #.#
##. ........ ###.# ....
...####. #...#### ....#
......# #......#...%.#
...........###†.@gg=...#
.>....#.##. #..g#..[..#
........ # #..## ....#
..###### #..# #### ..#
#..# ..# #..# .## ...#
## ##.##


You could see 3 gnolls.

Vanquished Creatures
  A gnoll (D:2)
  A worm (D:2)
  A leopard gecko (D:2)
  A ball python (D:2)
  4 goblins (D:1)
  3 hobgoblins (D:1)
  3 bats
  A frilled lizard (D:2)
  3 kobolds
  7 rats
25 creatures vanquished.

Notes
Turn   | Place    | Note
-------+----------+-------------------------------------------
     0 | D:1      | nikopol the Gargoyle Berserker began the quest for the Orb.
     0 | D:1      | Reached XP level 1. HP: 14/14 MP: 1/1
   276 | D:1      | Reached XP level 2. HP: 19/19 MP: 2/2
   810 | D:2      | Reached XP level 3. HP: 16/23 MP: 3/3
   965 | D:2      | Reached ** piety under Trog
   965 | D:2      | HP: 1/34 [gnoll/spear (5)]
   967 | D:2      | Slain by a gnoll

Vault maps used:
D:1:      roderic_octagonal_star
D:2:      lemuel_round_altar, nicolae_ru_the_path_less_chosen, first_bread

Skill      XL: |  1  2  3 |
---------------+----------+-----
Dodging        | 2 |  2.0
Axes           | 3 |  3.0
Armour         | 3 |  3.0
Fighting       | |  3.5

Action                   || total
-------------------------++-------
Melee: Hand axe          ||    89
Invok: Berserk           ||     1
Armor: Animal skin       ||     6
       Ring mail         ||    22
       Scale mail        ||    13
Dodge: Dodged            ||    48
